 Dungeon Crawl Stone Soup version 0.25-a0-665-ga69d64035b (webtiles) character file.

Game seed: 13595214313457462977, levelgen mode: deterministic

336 Esekla the Stinger (level 6, 0/39 HPs)
             Began as an Octopode Venom Mage on Mar 26, 2020.
             Slain by an adder zombie (2 damage)
             ... on level 5 of the Dungeon.
             The game lasted 00:27:30 (3464 turns).

Esekla the Stinger (Octopode Venom Mage)            Turns: 3464, Time: 00:27:31

Health: 0/39       AC:  1    Str:  9    XL:     6   Next: 54%
Magic:  1/11       EV: 14    Int: 18    God:
Gold:   141        SH:  0    Dex: 12    Spells: 5/11 levels left

rFire    . . .     SeeInvis .   q - +0 falchion
rCold    . . .     Gourm    .   (no shield)
rNeg     + . .     Faith    .   (helmet restricted)
rPois    .         Spirit   .   (no amulet)
rElec    .         Reflect  .   o - ring of positive energy
rCorr    .         Harm     .   (no ring)
MR       .....                  (no ring)
Stlth    +++.......             (no ring)
HPRegen  0.13/turn              (no ring)
MPRegen  0.12/turn              (no ring)
                                (no ring)
                                (no ring)

@: very slightly contaminated
A: almost no armour, stealthy swim, amphibious, 8 rings, constrict 8, camouflage
1, gelatinous body 1
a: no special abilities


You were on level 5 of the Dungeon.
You were hungry.

You visited 1 branch of the dungeon, and saw 5 of its levels.

You collected 141 gold pieces.

Inventory:

Hand Weapons
 n - a +0 short sword
 q - a +0 falchion (weapon)
 s - a +0 hand axe of venom
Missiles
 f - 12 boomerangs
 j - 3 atropa-tipped darts
 k - 18 poisoned darts (quivered)
Jewellery
 o - a ring of positive energy (left tentacle)
Scrolls
 a - a scroll of remove curse {unknown}
 c - 2 scrolls of blinking {unknown}
 d - 2 scrolls of magic mapping {unknown}
 g - a scroll of identify {unknown}
 i - 2 scrolls of fog {unknown}
 l - 2 scrolls of enchant weapon {unknown}
 m - 3 scrolls of teleportation {unknown}
 p - a scroll of amnesia {unknown}
 t - a scroll of fear {unknown}
Potions
 h - 2 potions of lignification {unknown}
 r - a potion of curing {unknown}
 u - 2 potions of magic {unknown}
Comestibles
 b - 4 rations
 v - a chunk of flesh


   Skills:
 * Level 2.0 Fighting
 + Level 1.7 Long Blades
 * Level 2.9 Dodging
 + Level 3.7 Stealth
 * Level 3.3 Spellcasting
 * Level 1.7 Conjurations
 - Level 1.0 Transmutations
 * Level 1.8 Air Magic
 + Level 4.3 Poison Magic


You had 5 spell levels left.
You knew the following spells:

 Your Spells              Type           Power        Failure   Level  Hunger
a - Sting                 Tmut/Pois      ##..         5%          1    None
c - Mephitic Cloud        Conj/Pois/Air  ##......     16%         3    ###....
v - Poisonous Vapours     Pois/Air       ##....       7%          2    ##.....

Your spell library contained the following spells:

 Spells                   Type           Power        Failure   Level  Hunger
 Ignite Poison            Fire/Tmut/Pois #.......     22%         3    ###....
 Olgreb's Toxic Radiance  Pois           ###.....     26%         4    ####...


Dungeon Overview and Level Annotations

Branches:
Dungeon (4/15)
 Temple: D:4-7

Altars:
Kikubaaqudgha
Makhleb
Wu Jian
Zin

Annotations:
D:3 Grinder


Innate Abilities, Weirdness & Mutations

You cannot wear most types of armour.
You are very stealthy in the water. (Stealth+)
You are amphibious.
You can wear up to eight rings at the same time.
You can use your tentacles to constrict eight enemies at once.
Your skin changes colour to match your surroundings (Stealth+).
Your rubbery body absorbs attacks. (AC +1, EV +1)


Message History

The centaur is almost dead.
You constrict the orc.
You kill the orc!
You constrict the orc wizard.
You kill the orc wizard!
You have reached level 6!
Your experience leads to an increase in your attributes!
Increase (S)trength, (I)ntelligence, or (D)exterity?
You feel stronger.
You kill the centaur!
Your Fighting skill increases to level 2!
The adder zombie barely misses you.
Unknown command.
Press < or > to pray at altars.
Unknown command.
Press < or > to pray at altars.
Things that are here:
a +0 shortbow; 16 arrows The adder zombie bites you.
You die...

###### #.Z@.#
##.##..#
##...##.#
##.....###
###..)))..###
#....)_.....#
#.#..(....#...
#.##.....####.
# ##...##


You could see an adder zombie.

Vanquished Creatures
  A centaur (D:5)
  A crimson imp (D:3)
  An orc priest (D:2)
  4 orc wizards
  An adder (D:2)
  A worm (D:2)
  3 dart slugs
  2 leopard geckos (D:2)
  8 orcs
  3 giant cockroaches
  4 goblins
  9 hobgoblins
  5 kobolds
  4 bats
  3 frilled lizards
  A quokka zombie (D:3)
  5 rats
56 creatures vanquished.

Vanquished Creatures (collateral kills)
  An orc (D:5)
1 creature vanquished.

Grand Total: 57 creatures vanquished

Notes
Turn   | Place    | Note
-------+----------+-------------------------------------------
     0 | D:1      | Esekla the Octopode Venom Mage began the quest for the Orb.
     0 | D:1      | Reached XP level 1. HP: 11/11 MP: 3/3
   357 | D:1      | Reached XP level 2. HP: 17/17 MP: 1/5
   458 | D:1      | Learned a level 2 spell: Poisonous Vapours
   892 | D:2      | Found a burning altar of Makhleb.
   920 | D:2      | Reached XP level 3. HP: 22/22 MP: 0/6
   925 | D:2      | Learned a level 3 spell: Mephitic Cloud
   986 | D:2      | Found an ancient bone altar of Kikubaaqudgha.
  1559 | D:2      | Reached skill level 4 in Poison Magic
  1578 | D:2      | Reached skill level 1 in Fighting
  1578 | D:2      | Reached XP level 4. HP: 13/28 MP: 0/8
  2022 | D:2      | Reached skill level 1 in Air Magic
  2370 | D:3      | Reached XP level 5. HP: 33/33 MP: 9/9
  2564 | D:3      | Noticed Grinder
  2664 | D:3      | Found a glowing silver altar of Zin.
  2862 | D:1      | You fall into a shaft and drop 1 floor!
  3144 | D:3      | Reached skill level 1 in Conjurations
  3315 | D:3      | Reached skill level 1 in Long Blades
  3444 | D:4      | You fall into a shaft and drop 1 floor!
  3444 | D:5      | Entered Level 5 of the Dungeon
  3444 | D:5      | Found an ornate altar of the Wu Jian Council.
  3445 | D:5      | Noticed a centaur
  3455 | D:5      | HP: 1/34 [orc/+0 short sword (8)]
  3458 | D:5      | Reached XP level 6. HP: 1/39 MP: 0/10
  3464 | D:5      | Slain by an adder zombie

Levels and vault maps discovered:
D:1:      minmay_arrival_four_loops, layout_basic, minivault_27
D:2:      layout_basic, bloody_makhleb, overflow_temple_1_default
D:3:      layout_loops_ring, nicolae_overflow_crystal_walls,
          minmay_misc_feat_ornament, grunt_ministairs_15, uniq_grinder
D:4:      layout_loops_cross, lemuel_doored_altar, okawaru_ov_weapons_minmay,
          lemuel_crystal_altar, nicolae_overflow_hidden_temple, serial_shops,
          nicolae_shop_window_shopping, first_ration, minmay_misc_feat_doors,
          lightli_minifort
D:5:      layout_basic, grunt_temple_overflow_opulence, lemuel_round_altar,
          minmay_diced_spiral

Skill      XL: |  1  2  3  4  5  6 |
---------------+-------------------+-----
Poison Magic   | 4 |  4.3
Stealth        | 3 |  3.7
Fighting       | 1 2 |  2.0
Spellcasting   | 3 |  3.3
Air Magic      | 1 |  1.8
Conjurations   | 1 |  1.7
Long Blades    | 1 |  1.7
Dodging        | |  2.9
Transmutations | |  1.0

Action                   |  1- 3 |  4- 6 || total
-------------------------+-------+-------++-------
Melee: Unarmed           |     7 |       ||     7
       Dagger            |    26 |       ||    26
       Constrict         |    14 |    17 ||    31
       Tentacles         |     8 |    13 ||    21
       Short sword       |     7 |       ||     7
       Falchion          |     5 |    58 ||    63
 Cast: Sting             |     8 |       ||     8
       Poisonous Vapours |    12 |     8 ||    20
       Mephitic Cloud    |       |     3 ||     3
  Use: Potion            |       |     2 ||     2
 Stab: Sleeping          |     3 |     2 ||     5
  Eat: Chunk             |     2 |     7 ||     9
Armor: Skin              |     6 |     1 ||     7
Dodge: Dodged            |    43 |    53 ||    96
       Rpst.: Falchion   |     2 |    14 ||    16

Table legend:
 A = Non-vault XP
 B = Vault XP
 C = Vault XP percentage of total XP
 D = Non-vault monster count
 E = Vault monster count
 F = Vault count percentage of total count
                 A         B        C        D         E       F
            +---------+---------+-------+---------+---------+-------
      Total |     477 |       3 |   0.6 |      55 |       2 |   3.5
            +---------+---------+-------+---------+---------+-------
        D:1 |      27 |       0 |   0.0 |      15 |       0 |   0.0
        D:2 |     134 |       0 |   0.0 |      20 |       0 |   0.0
        D:3 |      74 |       3 |   3.9 |      14 |       2 |  12.5
        D:5 |     242 |       0 |   0.0 |       6 |       0 |   0.0
            +---------+---------+-------+---------+---------+-------
